 Dungeon Crawl Stone Soup version 0.28.0-45-g0d030f2227 (webtiles) character file.

Game seed: 1755482591913281406

432 kingofstarryskies the Blocker (level 7, 0/57 HPs)
             Began as a Hill Orc Fighter on Apr 14, 2022.
             Slain by a water moccasin (5 damage)
             ... on level 5 of the Dungeon.
             The game lasted 00:11:09 (4319 turns).

kingofstarryskies the Blocker (Hill Orc Fighter)    Turns: 4319, Time: 00:11:09

Health: 0/57       AC:  0    Str: 21    XL:     7   Next: 0%
Magic:  7/7        EV: 11    Int:  8    God:
Gold:   202        SH:  5    Dex: 10    Spells: 6/6 levels left

rFire   . . .      SeeInvis .   a - +3 trident
rCold   . . .      Faith    .   c - +0 buckler
rNeg    . . .      Spirit   .   (no armour)
rPois   .          Reflect  .   (no helmet)
rElec   .          Harm     .   (no cloak)
rCorr   .          Rampage  .   (no gloves)
Will    .....                   (no boots)
Stlth   +.........              (no amulet)
HPRegen 0.19/turn               (no ring)
MPRegen 0.10/turn               (no ring)

@: lethally poisoned (0 -> -3)
A: no striking features
a: no special abilities


You were on level 5 of the Dungeon.
You visited 1 branch of the dungeon, and saw 5 of its levels.

You collected 202 gold pieces.

Inventory:

Hand Weapons
 a - a +3 trident (weapon)
Armour
 b - a +0 scale mail
 c - a +0 buckler (worn)
 k - a +0 chain mail
Wands
 f - a wand of acid (10)
Scrolls
 g - a scroll of identify
 i - a scroll of magic mapping
 j - a scroll of fear
Potions
 d - a potion of haste
 h - 2 potions of resistance


   Skills:
 - Level 3.6 Fighting
 - Level 2.1 Polearms
 - Level 3.2 Armour
 * Level 8.4 Shields


You had 6 spell levels left.
You didn't know any spells.
Your spell library contained the following spells:

 Spells                   Type           Power      Damage    Failure   Level
 Animate Skeleton         Necr           0%         N/A       47%         1
 Apportation              Tloc           0%         N/A       47%         1
 Sandblast                Erth           0%         2d4       47%         1
 Summon Small Mammal      Summ           0%         N/A       47%         1
 Ensorcelled Hibernation  Hex/Ice        0%         N/A       63%         2
 Spider Form              Tmut/Pois      0%         N/A       85%         3
 Stone Arrow              Conj/Erth      0%         3d7       85%         3
 Anguish                  Hex/Necr       0%         N/A       99%         4
 Blade Hands              Tmut           0%         N/A       100%        5
 Irradiate                Conj/Tmut      0%         3d13      100%        5
 Dragon Form              Tmut           0%         N/A       100%        7


Dungeon Overview and Level Annotations

Branches:
Dungeon (5/15)
 Temple: D:4-7

Altars:

Shops:
D:1 [   D:3 (

Annotations:
D:4 Sigmund


Message History

The water moccasin poisons you!
You miss the water moccasin.
You feel very sick. The water moccasin bites you!
You are more poisoned.
The water moccasin poisons you! The water moccasin bites you.
You completely miss the water moccasin.
You feel very sick. The water moccasin bites you.
You closely miss the water moccasin.
You feel very sick. The water moccasin bites you.
The water moccasin barely misses you.
You are too injured to fight recklessly!
You are too injured to fight recklessly!
You are too injured to fight recklessly!
You hit the water moccasin.
The water moccasin is lightly wounded.
You feel very sick. You block the water moccasin's attack.
The water moccasin barely misses you.
Unknown command.
You feel better. The water moccasin bites you.
You closely miss the water moccasin.
The water moccasin is lightly wounded.
The water moccasin bites you.
You are poisoned.
The water moccasin poisons you! The water moccasin closely misses you.
You miss the water moccasin.
The water moccasin is lightly wounded.
You feel very sick. The water moccasin bites you.
* * * LOW HITPOINT WARNING * * *
You feel sick. You block the water moccasin's attack.
You miss the water moccasin.
The water moccasin is lightly wounded.
You feel sick. The water moccasin bites you.
* * * LOW HITPOINT WARNING * * *
You closely miss the water moccasin.
The water moccasin is lightly wounded.
You feel sick. The water moccasin bites you.
You die...

.. #.... #. ....#
.#..........
###.##.#..##
.#.........# .#..#......
...........# ..........
..........# .........
........... #........
#.........######S.......
#....#.##......@........
#....#.####..###........
##)...........#
##.......
...#......##.## .......
...#...##.##.# .......
..###..##.##.# .......
..# #..##.##.. .......
..# #..##..##. .......
..# #...##. .#


You could see a water moccasin.

Vanquished Creatures
  A black bear (D:4)
  A centaur (D:5)
  A water moccasin skeleton (D:5)
  A bullfrog skeleton (D:4)
  An iguana (D:4)
  Robin (D:2)
  2 adders
  3 gnolls (D:2)
  2 worms (D:2)
  2 dart slugs (D:3)
  2 orcs (D:4)
  7 ball pythons
  5 bats
  4 endoplasms
  5 giant cockroaches
  9 hobgoblins
  3 jackals (D:1)
  8 kobolds
  5 quokkas (D:2)
  3 frilled lizards
  21 goblins
  4 rats
91 creatures vanquished.

Vanquished Creatures (collateral kills)
  A rat (D:2)
1 creature vanquished.

Vanquished Creatures (others)
  4 fungi (D:2)
  76 plants (D:2)
80 creatures vanquished.

Grand Total: 172 creatures vanquished

Notes
Turn   | Place    | Note
-------+----------+-------------------------------------------
     0 | D:1      | kingofstarryskies the Hill Orc Fighter began the quest for
                  | the Orb.
     0 | D:1      | Reached XP level 1. HP: 19/19 MP: 1/1
    26 | D:1      | Found Negelugg's Antique Armour Shop.
   101 | D:1      | Reached XP level 2. HP: 26/26 MP: 2/2
   124 | D:1      | Reached skill level 4 in Shields
   638 | D:1      | Reached XP level 3. HP: 19/31 MP: 3/3
  1022 | D:2      | Reached skill level 5 in Shields
  1340 | D:2      | Noticed Robin
  1342 | D:2      | Reached XP level 4. HP: 37/39 MP: 4/4
  1361 | D:2      | Killed Robin
  1711 | D:2      | Found a faded altar of an unknown god.
  2168 | D:2      | Reached skill level 6 in Shields
  2168 | D:2      | Reached XP level 5. HP: 43/45 MP: 5/5
  2653 | D:3      | Found Ymehiejo's Weapon Emporium.
  3165 | D:4      | Got the Disquisition on the Rocks
  3292 | D:4      | Noticed a black bear
  3295 | D:4      | Reached skill level 7 in Shields
  3319 | D:4      | Killed a black bear
  3320 | D:4      | Reached XP level 6. HP: 25/51 MP: 6/6
  3701 | D:4      | Noticed Sigmund
  3929 | D:5      | Entered Level 5 of the Dungeon
  3955 | D:5      | Reached skill level 8 in Shields
  4179 | D:5      | Reached XP level 7. HP: 37/57 MP: 7/7
  4319 | D:5      | Slain by a water moccasin

Illustrated notes

Levels and vault maps discovered:
D:1:      minmay_arrival_solitary_statue, layout_basic, serial_shops, shop
D:2:      wad_woods_settlement, layout_basic,
          shapermc_ecumenical_altar_mp_urbaneastern, grunt_ministairs_9,
          chequers_serial_rivers_micro_c, uniq_robin
D:3:      layout_basic, serial_shops, nicolae_shop_bloodbath_and_beyond
D:4:      layout_gridville, st_stairs_3, uniq_sigmund
D:5:      layout_rooms, minmay_temple_entry_fiery, kennysheep_generic_room_15

Skill      XL: |  1  2  3  4  5  6 |
---------------+-------------------+-----
Shields        | 4 5 6 7 8 |  8.4
Fighting       | |  3.6
Polearms       | |  2.1
Armour         | |  3.2

Action                   |  1- 3 |  4- 6 |  7- 9 || total
-------------------------+-------+-------+-------++-------
Melee: Trident           |    96 |   143 |     9 ||   248
  Use: Scroll            |     5 |     4 |       ||     9
       Potion            |       |    10 |     1 ||    11
Armor: Scale mail        |    24 |    53 |       ||    77
       Skin              |       |    43 |       ||    43
Dodge: Dodged            |    29 |    51 |     4 ||    84
Block: Buckler           |    13 |    51 |     3 ||    67
